 Dungeon Crawl Stone Soup version 0.29-a0-384-g6960b1960d (webtiles) character file.

Game seed: 9722825163514140844

20076 Bruhh the Purifying Djinni (level 13, -8/115 HPs)
             Began as a Djinni Earth Elementalist on May 7, 2022.
             Was a High Priest of Elyvilon.
             Mangled by a komodo dragon (28 damage)
             ... on level 4 of the Lair of Beasts.
             The game lasted 00:30:38 (17912 turns).

Bruhh the Purifying Djinni (DjEE)                  Turns: 17912, Time: 00:30:38

Health: -8/115     AC:  0    Str:  7    XL:     13   Next: 9%
Gold:   877        EV: 14    Int: 20    God:    Elyvilon [*****.] SH:  0 Dex: 16

rFire   . . .      SeeInvis .   (weapon currently unavailable)
rCold   . . .      Faith    .   (shield currently unavailable)
rNeg    . . .      Spirit   .   (body armour currently unavailable)
rPois   ∞          Reflect  .   (helmet currently unavailable)
rElec   .          Harm     .   (cloak currently unavailable)
rCorr   .          Rampage  .   (gloves currently unavailable)
Will    +....                   (boots unavailable)
Stlth   ++........              (no amulet)
HPRegen 0.29/turn               (ring currently unavailable)
MPRegen 0.00/turn               (ring currently unavailable)

@: divinely vigorous, about to teleport, pig-form, flying, studying Armour, very
quick
A: fast, flying, no casting, sickness immunity, small, (fire resistance 2),
(cold vulnerability 1), float, innate caster, HP casting, extra vitality 1
a: Renounce Religion, Purification, Heal Other, Heal Self, Divine Vigour


You were on level 4 of the Lair of Beasts.
You worshipped Elyvilon.
Elyvilon was extremely pleased with you.
You were a filthy swine.
You visited 2 branches of the dungeon, and saw 14 of its levels.
You also visited: Bailey.

You collected 877 gold pieces.

Inventory:

Hand Weapons
 e - the +9 triple sword "Xuosurar" {flame, Fly Will- Str-5 Int+3}
   (You found it in a bailey)

   It burns those it strikes, dealing additional fire damage.
   Big, fiery blades are also staple armaments of hydra-hunters.
   Str:       It affects your strength (-5).
   Int:       It affects your intelligence (+3).
   Fly:       It grants you flight.
   Will:      It decreases your willpower.
 o - a +0 spear
 H - the +9 war axe of the Common Good (melded) {spect, rC- Str+3 Dex+3}
   (You found it on level 9 of the Dungeon)

   When its wielder attacks, the weapon's spirit leaps out and strikes again.
   The spirit shares a part of any damage it takes with its wielder.
   Str:       It affects your strength (+3).
   Dex:       It affects your dexterity (+3).
   rC:        It makes you vulnerable to cold.
Missiles
 a - 281 stones
 J - a throwing net
Armour
 b - a +0 robe
 d - a +2 helmet (melded)
 i - +0 acid dragon scales (melded)
 F - a +0 helmet
Jewellery
 f - a +4 ring of protection (melded)
 w - a +6 ring of intelligence (melded)
 z - a +6 ring of strength
 I - a ring of see invisible
 L - a +4 ring of protection
Wands
 t - a wand of iceblast (18)
 y - a wand of polymorph (8)
 A - a wand of mindburst (11)
 K - a wand of charming (3)
Scrolls
 j - 5 scrolls of enchant weapon
 k - a scroll of blinking
 l - 2 scrolls of teleportation
 q - a scroll of vulnerability
 r - 4 scrolls of fear
 x - a scroll of enchant armour
 B - a scroll of summoning
 C - 2 scrolls of poison
 D - 2 scrolls of magic mapping
 M - a scroll of fog
 P - a scroll of amnesia {unknown}
 R - a scroll of silence {unknown}
Potions
 c - 4 potions of heal wounds
 g - 2 potions of magic
 h - 5 potions of brilliance
 m - 2 potions of degeneration
 n - a potion of might
 p - 5 potions of curing
 s - a potion of flight {unknown}
 u - a potion of ambrosia {unknown}
 v - 5 potions of mutation
 E - a potion of attraction {unknown}
 G - a potion of cancellation {unknown}
 N - 2 potions of invisibility {unknown}
 O - a potion of berserk rage {unknown}
 Q - a potion of resistance {unknown}


   Skills:
 - Level 10.0 Fighting
 + Level 9.7 Armour
 - Level 2.1 Dodging
 - Level 1.5 Stealth
 - Level 10.0 Spellcasting
 - Level 10.0 Invocations
 + Level 6.2 Evocations


You had 2 spell levels left.
You knew the following spells:

 Your Spells              Type           Power      Damage    Failure   Level
a - Sandblast             Erth           100%       2d20      1%          1
b - Passwall              Tmut/Erth      41%        N/A       1%          2
c - Stone Arrow           Conj/Erth      100%       3d13      1%          3
d - Petrify               Tmut/Erth      50%        N/A       1%          4
e - Pain                  Necr           100%       1d9       1%          1
f - Wereblood             Tmut           50%        N/A       1%          2
g - Gell's Gravitas       Tloc           50%        N/A       1%          3
h - Summon Lightning Spi  Summ/Air       50%        N/A       1%          4
i - Fireball              Conj/Fire      25%        3d11      3%          5
j - Agony                 Necr           50%        N/A       3%          5
Your spell library was empty.

Dungeon Overview and Level Annotations

Branches:
Dungeon (9/15)             Temple (0/1) D:7            Lair (5/6) D:9
 Shoals (0/4) Lair:3        Snake (0/4) Lair:2       Bailey (visited)
  Slime: Lair:5-6       Orc: D:9-12

Altars:
Cheibriados
Elyvilon
Fedhas
Okawaru
Sif Muna
Trog
Uskayaw
Wu Jian

Shops:
D:1 [   D:9 :

Portals:
Gauntlet: Lair:5

Annotations:
D:3 Terence
Lair:4 Kirke


Innate Abilities, Weirdness & Mutations

You are a filthy swine.
You move quickly.
You are flying.
Your equipment is almost entirely melded.
You are incapable of wielding weapons or throwing items.
You cannot cast spells.
You are immune to sickness and miasma.
You are immune to poison.
((Your flesh is very heat resistant. (rF++)))
((You are vulnerable to cold. (rC-)))
You float through the air rather than walking.
You learn spells naturally, not from books.
Your magical power is your life essence.
You have superior vitality. (+4 MHP)


Message History

The bullfrog croaks.
The bullfrog misses you.
There is a stone staircase leading down here.
The bullfrog hits you. The bullfrog completely misses you.
You fly downwards.
You hear a distant snort.
Hark!
There is a gateway to a gauntlet on this level.
Find the entrance quickly before the gate is sealed!
The komodo dragon hisses angrily.
Found a gate leading to a gauntlet.
Found a stone staircase leading down.
There is a stone staircase leading up here.
You completely miss the bullfrog.
A black mamba comes into view.
The bullfrog hits you.
You hit the bullfrog.
The bullfrog is lightly wounded.
The black mamba bites the plant!
The plant begins to die.
The bullfrog hits you. The bullfrog completely misses you.
You fly upwards.
Level annotation: Kirke The komodo dragon misses you.
The komodo dragon bites you!!
* * * LOW HITPOINT WARNING * * *
The water moccasin hisses angrily.
There is a stone staircase leading down here.
As you read the scroll of teleportation, it crumbles to dust.
You feel strangely unstable. The bullfrog hits you.
* * * LOW HITPOINT WARNING * * *
The bullfrog barely misses you. The komodo dragon bites you!
* * * LOW HITPOINT WARNING * * *
Unknown command.
The bullfrog attacks as you move away! The bullfrog hits you!
* * * LOW HITPOINT WARNING * * *
You are healed.
The komodo dragon bites you!!
* * * LOW HITPOINT WARNING * * *
The bullfrog hits you. Elyvilon protects you from harm!
You hear a bleat!
You are healed.
The bullfrog barely misses you. The water moccasin closely misses you.
The komodo dragon bites you!!
You die...

#....#....#............# ##
#....#.#...#.P#........###.
##.#.........##........#...
#...##.##..#...##.........
##...#......#......#..##..
##.........#.#.....#.....
###.#..............#.##.
#....lFS..........#####
##....h...........## #
#..#..............#
#...............###
#....P...........# ###
#...............#####.P
#.................#....
##.#.....#........P....
####..................
#...............#..


You could see a komodo dragon, a water moccasin and a bullfrog.

Vanquished Creatures
  A hydra (Lair:3)
  A two-headed ogre (D:9)
  Erica (Lair:1)
  Nergalle (Lair:1)
  An oklob plant (Lair:1)
  An orc knight (Bailey)
  2 black mambas (Lair:3)
  A rime drake (Lair:1)
  7 cane toads
  3 komodo dragons
  A troll (D:9)
  A hornet (D:9)
  2 polar bears
  5 blink frogs (Lair:2)
  9 yaks
  6 wyverns
  2 steam dragons
  3 basilisks
  2 hogs (Lair:4)
  2 nagas (Lair:2)
  9 water moccasins
  2 ice beasts
  2 black bears
  6 orc warriors
  2 phantoms
  4 centaurs
  13 wolves
  2 kobold brigands
  14 bullfrogs
  A necrophage (D:5)
  A gnoll sergeant (D:9)
  2 scorpions
  8 wights
  A killer bee (D:9)
  A howler monkey (D:5)
  2 electric eels (D:9)
  3 gnoll shamans
  8 hounds
  4 orc priests
  4 jellies
  7 iguanas
  2 orc wizards
  22 gnolls
  6 adders
  A shadow imp (D:6)
  A white imp (D:5)
  2 ufetubi
  2 worms
  3 dart slugs
  29 orcs
  5 bats
  7 endoplasms
  2 giant cockroaches (D:1)
  8 goblins
  10 hobgoblins
  4 jackals (D:1)
  4 quokkas
  2 ball pythons
  2 frilled lizards (D:3)
  18 kobolds
  10 rats
288 creatures vanquished.

Vanquished Creatures (collateral kills)
  2 orc knights (Bailey)
  A cane toad (Lair:4)
  A yak (D:8)
  A water moccasin (Lair:4)
  An orc warrior (Bailey)
  5 killer bees (D:9)
  2 orcs (Bailey)
13 creatures vanquished.

Vanquished Creatures (others)
  19 fungi
  16 plants
35 creatures vanquished.

Grand Total: 336 creatures vanquished

Notes
Turn   | Place    | Note
-------+----------+-------------------------------------------
     0 | D:1      | Bruhh the Djinni Earth Elementalist began the quest for the
                  | Orb.
     0 | D:1      | Reached XP level 1. HP: 15/15 MP: 0/0
   150 | D:1      | Found Yfakheti's Antique Armour Emporium.
   159 | D:1      | Reached XP level 2. HP: 18/21 MP: 0/0
   755 | D:1      | Reached XP level 3. HP: 24/25 MP: 0/0
   755 | D:1      | Learned a level 1 spell: Pain
  1511 | D:2      | Reached XP level 4. HP: 26/31 MP: 0/0
  1711 | D:2      | Found a faded altar of an unknown god.
  2197 | D:3      | Noticed Terence
  3011 | D:3      | Reached XP level 5. HP: 34/35 MP: 0/0
  3011 | D:3      | Learned a level 2 spell: Wereblood
  3293 | D:4      | Found a white marble altar of Elyvilon.
  3315 | D:4      | Became a worshipper of Elyvilon the Healer
  3459 | D:4      | Reached skill level 1 in Invocations
  3459 | D:4      | Reached XP level 6. HP: 36/40 MP: 0/0
  3540 | D:4      | Found an iron altar of Okawaru.
  4064 | D:4      | Reached skill level 5 in Spellcasting
  4205 | D:5      | Entered Level 5 of the Dungeon
  4205 | D:5      | Reached * piety under Elyvilon
  4208 | D:5      | Found a bloodstained altar of Trog.
  4367 | D:5      | Reached XP level 7. HP: 40/45 MP: 0/0
  4367 | D:5      | Learned a level 3 spell: Gell's Gravitas
  5274 | D:5      | Reached XP level 8. HP: 44/50 MP: 0/0
  5438 | D:5      | Found an ornate altar of the Wu Jian Council.
  6795 | D:6      | Reached skill level 5 in Invocations
  6795 | D:6      | Reached XP level 9. HP: 48/55 MP: 0/0
  6795 | D:6      | Learned a level 4 spell: Summon Lightning Spire
  6931 | D:6      | Reached ** piety under Elyvilon
  6983 | D:6      | Found a snail-covered altar of Cheibriados.
  7728 | D:7      | Found a staircase to the Ecumenical Temple.
  7748 | D:7      | Found a flagged portal.
  7797 | Bailey   | Entered a bailey
  8532 | Bailey   | Reached *** piety under Elyvilon
  8577 | Bailey   | Noticed an orc knight
  8577 | Bailey   | Noticed an orc knight
  8577 | Bailey   | Noticed an orc knight
  8598 | Bailey   | Killed an orc knight
  8599 | Bailey   | Reached XP level 10. HP: 15/60 MP: 0/0
  8601 | Bailey   | Killed an orc knight
  8893 | Bailey   | Killed an orc knight
  8894 | Bailey   | Reached skill level 10 in Invocations
  8951 | Bailey   | Identified the +9 triple sword "Xuosurar" {flame, Fly Will-
                  | Str-5 Int+3}
 10145 | D:8      | Reached skill level 5 in Fighting
 10515 | D:8      | Found a blossoming altar of Fedhas.
 11284 | D:8      | Reached **** piety under Elyvilon
 11297 | D:8      | Reached XP level 11. HP: 46/78 MP: 0/0
 11297 | D:8      | Learned a level 5 spell: Fireball
 11706 | D:8      | Found a hide-covered altar of Uskayaw.
 12603 | D:9      | Noticed a two-headed ogre
 12619 | D:9      | Killed a two-headed ogre
 12630 | D:9      | Identified the +9 war axe of the Common Good {spect, rC-
                  | Str+3 Dex+3}
 12665 | D:9      | Found a staircase to the Lair.
 12865 | D:9      | Found Sisidgh's Book Shoppe.
 13176 | Lair:1   | Entered Level 1 of the Lair of Beasts
 13176 | Lair:1   | Noticed an oklob plant
 13183 | Lair:1   | Killed an oklob plant
 13385 | Lair:1   | Noticed Nergalle
 13437 | Lair:1   | Killed Nergalle
 13852 | Lair:1   | Noticed Erica
 13858 | Lair:1   | Killed Erica
 14090 | Lair:1   | Reached XP level 12. HP: 85/91 MP: 0/0
 14164 | Lair:1   | Reached ***** piety under Elyvilon
 14400 | Lair:1   | Reached skill level 10 in Fighting
 14725 | Lair:2   | Found a staircase to the Snake Pit.
 14924 | Lair:2   | Reached skill level 10 in Spellcasting
 15039 | Lair:2   | Reached skill level 1 in Evocations
 15270 | Lair:2   | Reached skill level 5 in Armour
 15411 | Lair:2   | Found an ornate altar of the Wu Jian Council.
 16151 | Lair:3   | Noticed a five-headed hydra
 16156 | Lair:3   | Killed a five-headed hydra
 16648 | Lair:3   | Found a staircase to the Shoals.
 16825 | Lair:3   | Reached ****** piety under Elyvilon
 16935 | Lair:4   | Reached skill level 5 in Evocations
 17300 | Lair:4   | Reached XP level 13. HP: 96/96 MP: 0/0
 17300 | Lair:4   | Learned a level 5 spell: Agony
 17373 | Lair:4   | Noticed Kirke
 17904 | Lair:5   | Found a gate leading to a gauntlet.
 17911 | Lair:4   | HP: 3/115 [komodo dragon (33)]
 17911 | Lair:4   | Elyvilon protects you from harm!
 17912 | Lair:4   | Mangled by a komodo dragon

Illustrated notes

Levels and vault maps discovered:
D:1:      dpeg_arrival_arbitrary_a, layout_loops_ring, serial_shops, shop
D:2:      layout_rooms, ebering_ecumenical_altar_webs
D:3:      layout_loops_corners, nrook_mini_vaults, uniq_terence
D:4:      layout_loops_ring, amcnicky_altar_gilded,
          mainiacjoe_overflow_small_starburst
D:5:      layout_basic, bloody_trog, kennysheep_little_box
D:6:      layout_layer_cave, mainiacjoe_overflow_surrounded_room
D:7:      layout_rooms, minmay_temple_entry_overgrown,
          lightli_bailey_entry_fortress, serial_co_window_serial,
          co_window_corner_a, co_window_paths_a, co_window_corner_a,
          co_window_paths_a, co_window_cross_1, co_window_paths_b,
          co_window_of_opportunity_b, co_window_of_opportunity_b,
          co_window_2corner, co_window_sun, glass_columns_c, glass_columns_b,
          glass_columns_a
D:8:      layout_gridville, nicolae_uskayaw_dance_studio,
          fedhas_bush_and_centaur_altar
D:9:      layout_big_octagon, nicolae_sif_muna_little_library, erik_lair_island,
          serial_shops, nicolae_shop_window_shopping
Lair:1:   layout_hall_layers, dpeg_stationary_puzzle, grunt_megastairs_2,
          uniq_erica, uniq_nergalle
Lair:2:   layout_regular_city, guppyfry_snake_entry_island, basic_altar
Lair:3:   layout_gridlike, shoals_dummy_entry
Lair:4:   layout_misc_corridors, serial_bayou_pond_d, uniq_kirke
Lair:5:   layout_small_grid, gauntlet_entry_generic, serial_forest,
          infiniplex_forest_corner_1, infiniplex_forest_clump_tiny,
          infiniplex_forest_lined_room_3, infiniplex_forest_lined_3_way,
          infiniplex_forest_lined_3, basic_altar

Skill      XL: |  1  2  3  4  5  6  7  8  9 10 11 12 13 |
---------------+----------------------------------------+-----
Spellcasting   | 3 4 5 6 7 8 9 10 | 10.0
Invocations    | 1 2 3 5 8 10 | 10.0
Fighting       | 6 9 10 | 10.0
Armour         | 9 |  9.7
Evocations     | 5 6 |  6.2
Dodging        | |  2.1
Stealth        | |  1.5

Action                   |  1- 3 |  4- 6 |  7- 9 | 10-12 | 13-15 || total
-------------------------+-------+-------+-------+-------+-------++-------
Melee: Unarmed           |    10 |     5 |       |       |     7 ||    22
       Spear             |       |     9 |    15 |       |       ||    24
       Triple sword      |       |       |       |    36 |       ||    36
       War axe           |       |       |       |    66 |    11 ||    77
       Punch             |       |       |       |     1 |       ||     1
 Cast: Sandblast         |    48 |    94 |   110 |    73 |       ||   325
       Gell's Gravitas   |       |       |    22 |       |       ||    22
       Stone Arrow       |       |       |     5 |    88 |    15 ||   108
       Summon Lightning  |       |       |     6 |     8 |       ||    14
       Fireball          |       |       |       |     4 |       ||     4
       Petrify           |       |       |       |     1 |       ||     1
Invok: Heal Self         |       |       |       |     1 |     4 ||     5
       Purification      |       |       |       |       |     1 ||     1
       Divine Vigour     |       |       |       |       |     1 ||     1
  Use: Scroll            |       |     1 |     6 |    10 |     5 ||    22
Armor: Robe              |     5 |       |       |       |       ||     5
       Acid dragon scale |       |    26 |    25 |   106 |     8 ||   165
Dodge: Dodged            |    21 |    40 |    42 |   137 |    22 ||   262

Table legend: (Time is in decaauts)
 A = Elapsed time spent in this place.
 B = Non-inter-level travel time spent in this place.
 C = Inter-level travel time spent in this place.
 D = Time resting spent in this place.
 E = Time spent auto-exploring this place.
 F = Levels seen in this place.
 G = Mean time per level.
                   A        B        C        D        E       F      G
               +--------+--------+--------+--------+--------+-----+--------+
         Total |  17988 |  17528 |    460 |   1907 |  13674 |  15 | 1199.2 |
       Dungeon |  12050 |  11652 |    398 |   1907 |   8448 |   9 | 1338.9 |
          Lair |   4773 |   4711 |     62 |      0 |   4209 |   5 |  954.6 |
        Bailey |   1163 |   1163 |      0 |      0 |   1017 |   1 | 1163.0 |
               +--------+--------+--------+--------+--------+-----+--------+

Top non-repeatable levels by time:
     D:8: 1842 daAuts
     D:7: 1687 daAuts
  Lair:1: 1551 daAuts
     D:4: 1463 daAuts
     D:5: 1428 daAuts
     D:1: 1328 daAuts
     D:6: 1256 daAuts
  Lair:2: 1224 daAuts
  Bailey: 1163 daAuts
     D:9: 1078 daAuts
  Lair:4: 1017 daAuts
     D:3: 987 daAuts
     D:2: 978 daAuts
  Lair:3: 977 daAuts
  Lair:5: 3 daAuts
